Map: Traitor's Exile

Players

ManRyChea

  • Race: Terran Terran
  • League: Gold
  • Spawn Location: 12:00

Ozone

  • Race: Protoss Protoss
  • League: Gold
  • Spawn Location: 9:00

Metasapien

  • Race: Zerg Zerg
  • League: Platinum
  • Spawn Location: 5:00

Kswiss

  • Race: Protoss Protoss
  • Spawn Location: 6:00

VOD

Have the link to the VOD?

Description

Time

  • Played on: Sept. 17, 2017, 3:05 p.m.
  • Length: 10:31
Show
View Real Time Build Order
Export as new Build Order

ManRyChea Terran 

Build Orders: MMM Bio 

Get SALT Encoding   

  12  0:25  Supply Depot  
  12  0:28  Refinery  
  12  0:34  SCV  
  13  0:49  Barracks  
  13  0:57  SCV  
  14  1:10  SCV  
  15  1:19  Refinery  
  15  1:30  Supply Depot  
  15  1:36  Orbital Command  
  15  1:41  Factory  
  15  1:56  Barracks Tech Lab  
  15  2:07  SCV  
  16  2:40  Factory Tech Lab  
  16  2:43  Factory Reactor  
  16  2:50  Supply Depot, Marine  
  17  2:59  Factory  
  17  3:01  SCV  
  18  3:07  Marine  
  19  3:13  SCV  
  19  3:19  Supply Depot  
  20  3:21  Armory  
  20  3:22  Hellion  
  20  3:25  Marine  
  23  3:33  SCV  
  24  3:43  Marine  
  24  3:44  Factory Tech Lab  
  25  3:51  Supply Depot  
  25  3:53  Hellion  
  27  3:57  SCV  
  28  4:05  Infernal Pre-Igniter  
  28  4:09  SCV  
  29  4:12  Marine  
  29  4:16  Hellion  
  32  4:31  Stimpack  
  32  4:32  Marine  
  32  4:36  Hellion  
  35  4:39  Hellion x2  
  39  4:51  Supply Depot  
  40  4:52  SCV  
  40  5:00  Hellion  
  40  5:01  Hellion  
  30  6:18  Hellion  
  30  6:19  Hellion  
  30  6:23  Thor  
  38  6:28  Terran Vehicle Weapons Level 1  
  38  6:31  Armory  
  38  6:35  Marine  
  41  6:40  Hellion x2  
  43  6:52  Marine  
  44  6:57  Combat Shields  
  46  7:01  Hellion x2  
  46  7:06  Thor  
  46  7:08  Starport  
  54  7:10  Marine  
  55  7:28  Marine  
  56  7:31  Hellion x2  
  60  7:46  Marine  
  61  7:52  Hellion  
  61  7:57  Supply Depot  
  63  8:18  Thor, Marine  
  70  8:36  Marine  
  71  8:55  Liberator  
  71  9:10  Hellion  
  71  9:12  Marine  
  71  9:14  Thor  
  54  9:43  Hellion x2  
  58  9:46  Marine  
  65  10:04  Marine  
  65  10:05  Hellion x2  
Show
View Real Time Build Order
Export as new Build Order

Ozone Protoss 

Build Orders: Oracle Opening 

Get SALT Encoding   

  12  0:03  Probe (Chrono Boost)  
  13  0:13  Probe (Chrono Boost)  
  14  0:25  Pylon  
  14  0:30  Assimilator  
  14  0:33  Probe (Chrono Boost)  
  15  0:45  Gateway  
  15  0:49  Probe (Chrono Boost)  
  16  0:59  Probe (Chrono Boost)  
  17  1:10  Probe (Chrono Boost)  
  18  1:20  Probe (Chrono Boost)  
  19  1:39  Cybernetics Core  
  19  1:46  Nexus  
  19  1:57  Pylon  
  19  2:05  Zealot  
  21  2:09  Assimilator  
  21  2:24  Warp Gate  
  21  2:25  Mothership Core (Chrono Boost)  
  22  2:44  Probe (Chrono Boost)  
  23  2:52  Pylon  
  23  2:59  Stargate  
  23  3:03  Pylon  
  23  3:07  Probe (Chrono Boost)  
  24  3:14  Stalker  
  24  3:17  Probe (Chrono Boost)  
  27  3:20  Probe (Chrono Boost)  
  28  3:28  Probe (Chrono Boost)  
  29  3:38  Probe (Chrono Boost)  
  30  3:41  Pylon  
  30  3:43  Oracle (Chrono Boost)  
  33  3:48  Probe  
  33  3:49  Probe  
  35  3:59  Probe  
  36  4:03  Stalker  
  38  4:10  Probe  
  38  4:14  Robotics Facility  
  39  4:22  Phoenix (Chrono Boost)  
  41  4:33  Stalker  
  45  5:07  Phoenix (Chrono Boost)  
  45  5:09  Probe  
  45  5:10  Immortal  
  50  5:14  Probe  
  50  5:20  Probe  
  52  5:29  Phoenix (Chrono Boost)  
  52  5:30  Probe  
  55  5:41  Probe  
  56  5:52  Probe  
  57  5:59  Gateway  
  57  6:01  Gateway  
  57  6:18  Probe  
  57  6:19  Adept  
  57  6:24  Probe  
  61  6:26  Immortal  
  61  6:29  Probe  
  66  6:36  Probe  
  67  6:40  Probe  
  67  6:45  Pylon  
  67  6:47  Sentry  
  70  6:48  Pylon  
  70  7:01  Probe, Pylon  
  70  7:03  Probe  
  70  7:07  Pylon  
  72  7:10  Pylon, Observer  
  72  7:12  Probe  
  74  7:15  Adept  
  74  7:16  Adept  
  74  7:17  Adept  
  80  7:32  Immortal  
  80  7:34  Void Ray (Chrono Boost)  
  88  8:04  Sentry  
  88  8:05  Stalker  
  92  8:06  Adept  
  88  9:58  Adept x2  
  88  9:59  Adept  
  94  10:27  Adept x2  
  98  10:28  Adept  
Show
View Real Time Build Order
Export as new Build Order

Metasapien Zerg 

Build Orders: Hatch First 

Get SALT Encoding   

  12  0:01  Drone  
  13  0:14  Overlord  
  13  0:18  Drone  
  14  0:22  Extractor  
  14  0:24  Drone  
  15  0:34  Drone  
  16  0:43  Drone  
  17  1:00  Extractor  
  17  1:01  Drone, Hatchery  
  16  1:04  Drone  
  17  1:16  Drone  
  18  1:28  Spawning Pool  
  18  1:30  Drone  
  18  1:31  Drone  
  19  1:41  Drone  
  20  1:52  Overlord  
  20  2:04  Overlord  
  20  2:15  Queen x2  
  20  2:18  Zergling x2  
  20  2:21  Zergling x2  
  26  2:29  Overlord  
  26  2:51  Drone x3  
  29  2:58  Drone x3  
  32  3:01  Lair  
  32  3:09  Extractor  
  31  3:13  Evolution Chamber  
  31  3:15  Drone  
  31  3:17  Drone x2  
  33  3:20  Evolution Chamber  
  32  3:31  Overlord  
  32  3:32  Drone x2  
  32  3:33  Overlord  
  34  3:35  Drone x2  
  36  3:49  Zerg Ground Armor Level 1  
  36  3:52  Drone x3  
  39  3:58  Metabolic Boost  
  39  4:05  Infestation Pit  
  38  4:14  Drone x3  
  41  4:17  Extractor  
  41  4:22  Drone x2  
  41  4:23  Zergling x6  
  45  4:33  Overlord  
  45  4:45  Drone x2  
  47  4:46  Drone x4  
  47  4:51  Queen  
  53  4:54  Hatchery  
  53  4:56  Spore Crawler  
  51  5:01  Spore Crawler  
  51  5:05  Spore Crawler  
  49  5:19  Spore Crawler  
  48  5:28  Hive  
  48  5:34  Drone x2  
  48  5:35  Drone, Extractor  
  50  5:37  Zerg Melee Weapons Level 1  
  50  5:41  Zergling x20  
  35  6:06  Spine Crawler  
  35  6:09  Queen x2  
  35  6:11  Spine Crawler x2  
  35  6:16  Drone  
  35  6:17  Drone  
  35  6:21  Drone  
  36  6:33  Drone x2  
  36  6:37  Drone x2  
  40  6:42  Drone  
  40  6:45  Drone  
  40  6:47  Drone  
  43  7:05  Drone x3  
  43  7:06  Drone x3  
  49  7:15  Ultralisk Cavern  
  48  7:18  Extractor  
  48  7:22  Extractor  
  46  7:24  Adrenal Glands  
  46  7:28  Drone x2  
  48  7:30  Drone  
  48  7:35  Drone x2  
  51  7:37  Drone  
  51  7:38  Drone  
  51  7:43  Drone  
  54  7:49  Hydralisk Den  
  53  8:03  Drone x3  
  53  8:04  Drone  
  57  8:06  Drone  
  57  8:11  Drone x3  
  57  8:12  Drone  
  62  8:14  Drone  
  62  8:15  Drone  
  62  8:19  Drone x2  
  66  8:20  Drone  
  66  8:23  Drone  
  66  8:24  Drone x2  
  70  8:28  Overlord  
  70  8:30  Overlord  
  70  8:33  Overlord  
  70  8:37  Drone  
  70  8:41  Drone  
  72  8:42  Drone  
  72  8:43  Drone x3  
  72  8:46  Zergling x2  
  72  8:47  Zergling x6  
  81  8:48  Zergling x2  
  76  8:55  Zergling x2  
  76  8:56  Zergling x6  
  80  9:09  Zergling x2  
  78  9:10  Zergling x14  
  79  9:23  Zergling x2  
  79  9:24  Zergling x6  
  63  9:36  Spine Crawler  
  63  9:37  Spine Crawler  
  51  9:38  Spine Crawler, Zergling x2  
  51  9:39  Spine Crawler  
  51  9:40  Zergling x12  
  53  9:47  Zergling x2  
  53  9:58  Zergling x4  
  69  10:15  Hatchery  
Show
View Real Time Build Order
Export as new Build Order

Kswiss Protoss 

Build Orders:  

Get SALT Encoding   

  12  0:01  Probe (Chrono Boost)  
  13  0:13  Probe (Chrono Boost)  
  14  0:25  Pylon  
  15  0:28  Probe (Chrono Boost)  
  15  0:43  Probe (Chrono Boost)  
  16  0:50  Forge  
  16  0:51  Gateway  
  16  0:59  Assimilator  
  16  1:00  Probe (Chrono Boost)  
  17  1:11  Probe (Chrono Boost)  
  18  1:21  Probe (Chrono Boost)  
  19  1:32  Probe (Chrono Boost)  
  20  1:40  Gateway  
  20  1:42  Cybernetics Core  
  20  1:43  Zealot  
  22  1:50  Assimilator  
  22  1:58  Photon Cannon  
  22  2:02  Pylon  
  22  2:05  Probe (Chrono Boost)  
  23  2:20  Warp Gate (Chrono Boost), Probe (Chrono Boost), Zealot  
  26  2:32  Probe (Chrono Boost)  
  27  2:39  Photon Cannon  
  27  2:42  Probe (Chrono Boost)  
  28  2:51  Photon Cannon  
  28  3:01  Zealot  
  30  3:11  Pylon  
  30  3:29  Stalker  
  30  3:30  Protoss Ground Weapons Level 1 (Chrono Boost)  
  32  3:42  Nexus  
  32  3:56  Twilight Council  
  32  4:05  Gateway  
  32  4:19  Pylon  
  32  4:31  Robotics Facility  
  32  4:34  Gateway  
  32  4:55  Stalker  
  32  4:57  Stalker  
  36  5:04  Probe  
  37  5:09  Assimilator  
  37  5:14  Probe  
  37  5:18  Assimilator  
  38  5:25  Probe  
  39  5:29  Pylon  
  39  5:33  Protoss Shields Level 1 (Chrono Boost)  
  39  5:35  Probe  
  40  5:46  Probe  
  41  6:12  Stalker x3  
  41  6:17  Stargate  
  47  6:18  Pylon  
  47  6:20  Pylon  
  47  6:21  Pylon  
  47  6:24  Probe  
  48  6:35  Probe  
  49  6:43  Blink (Chrono Boost)  
  49  6:45  Probe  
  50  6:56  Probe  
  51  7:01  Robotics Bay  
  51  7:06  Probe  
  52  7:09  Pylon  
  52  7:17  Probe  
  53  7:28  Probe  
  54  7:38  Probe  
  55  7:59  Probe  
  56  8:09  Probe, Phoenix  
  56  8:11  Stalker x2  
  56  8:12  Stalker x2  
  67  8:20  Probe  
  67  8:22  Gateway  
  67  8:23  Gateway  
  68  8:28  Forge  
  68  8:29  Protoss Ground Weapons Level 2 (Chrono Boost)  
  68  8:30  Probe  
  69  8:35  Observer Gravitic Boosters  
  69  8:37  Phoenix  
  69  8:40  Observer  
  69  8:41  Probe  
  67  8:58  Stalker x3  
  67  9:01  Observer  
  53  9:21  Stalker x2  
  33  9:40  Stalker x2  
  27  10:15  Stalker x2  
  27  10:17  Stalker  
Tags
 
Add a new tag
Caveats
  • Supply blocks, unpowered buildings, or Contaminate may cause inaccurate times.
  • Supply counts are checked every 10 seconds.